 Dungeon Crawl Stone Soup version 0.23.1 (webtiles) character file.

Game seed: 0

2635 misha the Spear-Bearer (level 9, -4/74 HPs)
             Began as a Merfolk Fighter on Mar 16, 2019.
             Was a Priest of Okawaru.
             Slain by a two-headed ogre
             ... wielding a +0 giant spiked club
              (25 damage)
             ... on level 8 of the Dungeon.
             The game lasted 00:24:32 (9499 turns).

misha the Spear-Bearer (Merfolk Fighter)            Turns: 9499, Time: 00:24:33

Health: -4/74      AC: 13    Str: 19    XL:     9   Next: 61%
Magic:  7/9        EV:  7    Int: 10    God:    Okawaru [***...]
Gold:   648        SH: 12    Dex: 13    Spells: 8/8 levels left

rFire    . . .     SeeInvis .   a - +0 trident
rCold    . . .     Gourm    .   c - +0 shield
rNeg     . . .     Faith    .   k - +0 plate armour
rPois    .         Spirit   .   (no helmet)
rElec    .         Reflect  .   (no cloak)
rCorr    .         Harm     .   (no gloves)
MR       .....                  (no boots)
Stlth    ..........             (no amulet)
HPRegen  0.22/turn              (no ring)
MPRegen  0.11/turn              (no ring)

@: heroism
A: change form in water, swift swim, stealthy swim, clever 1, screaming 1
a: Heroism, Renounce Religion


You were on level 8 of the Dungeon.
You worshipped Okawaru.
Okawaru was most pleased with you.
You were hungry.

You visited 1 branch of the dungeon, and saw 8 of its levels.
You also visited: Ossuary.

You collected 686 gold pieces.
You spent 38 gold pieces at shops.

Inventory:

Hand Weapons
 a - a +0 trident (weapon)
Missiles
 m - 7 javelins
 n - 42 poisoned needles (quivered)
 t - 10 tomahawks
Armour
 c - a +0 shield (worn)
 k - a +0 plate armour (worn)
Jewellery
 i - an uncursed ring of ice
 r - an uncursed amulet of faith
 u - an uncursed amulet of the gourmand
 C - an uncursed ring of protection from fire {unknown}
 D - an uncursed amulet of regeneration {unknown}
Wands
 g - a wand of flame (20)
Scrolls
 h - a scroll of remove curse
 l - 2 scrolls of teleportation
 o - a scroll of magic mapping
 q - a scroll of blinking
 s - a scroll of noise
 v - a scroll of random uselessness
 w - a scroll of silence
 x - 3 scrolls of amnesia
 y - a scroll of holy word
 B - 3 scrolls of fog
Potions
 d - 4 potions of might
 j - 4 potions of degeneration
 p - a potion of curing
 z - 3 potions of agility
 E - a potion of resistance
Comestibles
 f - 8 rations


   Skills:
 + Level 7.8(12.8) Fighting
 * Level 12.7(17.7) Polearms
 - Level 2.1(7.1) Armour
 + Level 7.1(12.1) Shields


You had 8 spell levels left.
You didn't know any spells.
Your spell library was empty.

Dungeon Overview and Level Annotations

Branches:
Dungeon (8/15)             Temple (0/1) D:6
   Lair: D:8-11

Altars:
Ashenzari
Dithmenos
Elyvilon
Makhleb
Okawaru
Qazlal
Vehumet
Wu Jian
Yredelemnul
Zin

Shops:
D:5 *


Innate Abilities, Weirdness & Mutations

You revert to your normal form in water You are very nimble and swift while swimming.
You are very stealthy in the water. (Stealth+)
Your mind is acute. (Int +2)
You occasionally shout uncontrollably at your foes.


Message History

The two-headed ogre is heavily wounded.
The two-headed ogre hits you with a +0 giant spiked club!!
The two-headed ogre hits you but does no damage.
You puncture the two-headed ogre!
The two-headed ogre is severely wounded.
Your shield and plate armour prevent you from hitting the two-headed ogre.
The two-headed ogre is severely wounded.
The two-headed ogre hits you with a +0 giant spiked club!!
The two-headed ogre hits you with a +0 giant club!
* * * LOW HITPOINT WARNING * * *
Okay, then.
You feel better.
You gain the combat prowess of a mighty hero.
The two-headed ogre closely misses you.
The two-headed ogre hits you with a +0 giant club.
* * * LOW HITPOINT WARNING * * *
You puncture the two-headed ogre!
The two-headed ogre is almost dead.
The two-headed ogre hits you with a +0 giant spiked club!!
You die...

.#.##############
.......@Oo......#
.#.############.# ##.#.# #...#
..#.##########'###
#.#.#.........O..#
#...#....(.......# #...
#...#.........O..# #...
#...#............#
#...#####.#............######.


You could see a two-headed ogre and an orc wizard.

Vanquished Creatures
  Prince Ribbit (D:5)
  A spriggan (D:7)
  A wyvern (D:8)
  Edmund (D:5)
  2 orc warriors (D:7)
  A phantom (D:4)
  2 ogres
  A centaur (D:5)
  A crocodile (D:7)
  A bullfrog (D:8)
  A wyvern skeleton (D:8)
  A scorpion (D:4)
  2 howler monkeys (D:7)
  A bullfrog zombie (D:5)
  3 crimson imps
  A centaur zombie (D:5)
  4 orc priests
  2 bullfrog skeletons
  A gnoll shaman (D:4)
  2 hounds (D:4)
  2 iguanas
  4 orc wizards (D:5)
  5 worker ants
  A killer bee zombie (D:5)
  A big kobold zombie (Ossuary)
  A hound skeleton (D:4)
  9 mummies
  A worker ant zombie (D:5)
  6 gnolls
  10 adders
  2 shadow imps
  4 worms
  4 leopard geckos
  22 orcs
  2 ball pythons
  6 giant cockroaches
  A gnoll zombie (Ossuary)
  7 hobgoblins
  10 jackals
  5 quokkas
  7 bats
  6 frilled lizards
  6 goblins
  2 hobgoblin zombies (Ossuary)
  A jackal skeleton (D:7)
  6 kobolds
  A kobold zombie (Ossuary)
  A leopard gecko skeleton (D:4)
  3 orc zombies (Ossuary)
  A quokka zombie (D:6)
  4 rats
171 creatures vanquished.

Notes
Turn   | Place    | Note
-------+----------+-------------------------------------------
     0 | D:1      | misha the Merfolk Fighter began the quest for the Orb.
     0 | D:1      | Reached XP level 1. HP: 18/18 MP: 1/1
   386 | D:1      | Reached XP level 2. HP: 24/24 MP: 2/2
   583 | D:1      | You fall through a shaft!
   629 | D:2      | Reached skill level 4 in Polearms
   676 | D:2      | Reached XP level 3. HP: 24/29 MP: 3/3
  1264 | D:2      | Found a shattered altar of Ashenzari.
  1721 | D:2      | Reached XP level 4. HP: 31/37 MP: 4/4
  1754 | D:2      | Found an iron altar of Okawaru.
  1757 | D:2      | Found a basalt altar of Yredelemnul.
  1768 | D:2      | Found a white marble altar of Elyvilon.
  1910 | D:2      | Became a worshipper of Warmaster Okawaru
  2166 | D:3      | Reached skill level 5 in Polearms
  2289 | D:3      | Found a burning altar of Makhleb.
  2941 | D:4      | Reached skill level 6 in Polearms
  2941 | D:4      | Reached XP level 5. HP: 19/42 MP: 5/5
  3256 | D:4      | Noticed a phantom
  3272 | D:4      | Reached XP level 6. HP: 36/49 MP: 6/6
  3303 | D:4      | Gained mutation: You occasionally shout uncontrollably at
                  | your foes. [potion of mutation]
  3303 | D:4      | Gained mutation: Your mind is acute. (Int +2) [potion of
                  | mutation]
  3322 | D:4      | Killed a phantom
  3322 | D:4      | Reached * piety under Okawaru
  3322 | D:4      | Reached skill level 7 in Polearms
  3967 | D:4      | Reached skill level 5 in Fighting
  4044 | D:4      | Reached XP level 7. HP: 55/56 MP: 7/7
  4134 | D:4      | Found an ornate altar of the Wu Jian Council.
  4310 | D:5      | Entered Level 5 of the Dungeon
  4325 | D:4      | Reached skill level 8 in Polearms
  4726 | D:5      | Noticed Edmund
  4732 | D:5      | Reached skill level 5 in Shields
  4751 | D:5      | Killed Edmund
  4751 | D:5      | Reached skill level 9 in Polearms
  4833 | D:5      | Reached XP level 8. HP: 40/64 MP: 5/8
  5234 | D:5      | Found a shadowy altar of Dithmenos.
  5313 | D:5      | Found the +8 storm bow {elec}
  5336 | D:5      | Reached ** piety under Okawaru
  5444 | D:5      | Found Nehiudor's General Store.
  5452 | D:5      | Bought a scroll of magic mapping for 38 gold pieces
  5462 | D:5      | Noticed Prince Ribbit
  5491 | D:5      | Reached skill level 10 in Polearms
  5498 | D:5      | Killed Prince Ribbit
  5828 | D:5      | Found a glowing silver altar of Zin.
  6244 | D:6      | Found a sand-covered staircase.
  6296 | Ossuary  | Entered an ossuary
  6416 | Ossuary  | Reached skill level 11 in Polearms
  7021 | D:6      | Found a staircase to the Ecumenical Temple.
  7260 | D:6      | Reached XP level 9. HP: 71/71 MP: 9/9
  8092 | D:7      | Reached skill level 12 in Polearms
  8378 | D:7      | Found a stormy altar of Qazlal.
  8397 | D:7      | Found a radiant altar of Vehumet.
  8594 | D:7      | Reached *** piety under Okawaru
  9446 | D:8      | Noticed a two-headed ogre
  9499 | D:8      | Slain by a two-headed ogre

Skill      XL: |  1  2  3  4  5  6  7  8  9 |
---------------+----------------------------+-----
Polearms       | 4 6 7 9 11 12 | 12.7
Fighting       | 4 5 6 7 |  7.8
Shields        | 4 5 6 7 |  7.1
Armour         | |  2.1

Action                   |  1- 3 |  4- 6 |  7- 9 || total
-------------------------+-------+-------+-------++-------
Melee: Trident           |   168 |   192 |   575 ||   935
       Tailslap          |     1 |       |       ||     1
Invok: Heroism           |       |     1 |     4 ||     5
  Use: Scroll            |       |     4 |    12 ||    16
       Potion            |       |     6 |     8 ||    14
  Eat: Chunk             |     2 |     6 |     6 ||    14
       Ration            |       |     1 |     3 ||     4
Armor: Scale mail        |    46 |    40 |    89 ||   175
       Skin              |       |       |    34 ||    34
       Plate armour      |       |       |     2 ||     2
Dodge: Dodged            |    36 |    37 |    95 ||   168
Block: Shield            |    57 |    62 |   252 ||   371
